 Dungeon Crawl Stone Soup version 0.26-a0-660-gc07710193c (console) character file.

Game seed: 4587673217214806594

38436 om the Protected (level 13, -3/100 HPs)
             Began as a Minotaur Fighter on Oct 7, 2020.
             Was a High Priest of Cheibriados.
             Shot with an arrow by Nessos (20 damage)
             ... on level 4 of the Lair of Beasts.
             The game lasted 00:27:26 (17791 turns).

om the Protected (Minotaur Fighter)                Turns: 17791, Time: 00:27:26

Health: -3/100     AC: 13    Str: 34    XL:     13   Next: 63%
Magic:  19/19      EV: 11    Int: 25    God:    Cheibriados [*****.]
Gold:   866        SH: 12    Dex: 24    Spells: 12/12 levels left

rFire    . . .     SeeInvis +   a - +2 war axe (drain)
rCold    . . .     Faith    +   c - +0 kite shield
rNeg     . . .     Spirit   .   r - +1 chain mail {rPois}
rPois    +         Reflect  .   (helmet restricted)
rElec    .         Harm     .   (no cloak)
rCorr    .         Rampage  .   v - +0 pair of gloves
MR       .....                  q - +0 pair of boots
Stlth    ..........             L - amulet "Meacaume" {Faith Int+3}
HPRegen  0.26/turn              u - +6 ring of intelligence
MPRegen  0.16/turn              M - ring of see invisible (curse)

@: corroded, very slow
A: retaliatory headbutt, horns 2
a: Bend Time, Temporal Distortion, Slouch, Step From Time, Renounce Religion


You were on level 4 of the Lair of Beasts.
You worshipped Cheibriados.
Cheibriados was extremely pleased with you.
You visited 2 branches of the dungeon, and saw 18 of its levels.

You collected 1294 gold pieces.
You spent 428 gold pieces at shops.

Inventory:

Hand Weapons
 a - a +2 war axe of draining (weapon)
 b - a +2 hunting sling of freezing
Missiles
 D - 101 sling bullets
 F - 353 stones (quivered)
Armour
 c - a +0 kite shield (worn)
 q - a +0 pair of boots (worn)
 r - a +1 chain mail of poison resistance (worn)
 v - a +0 pair of gloves (worn)
Jewellery
 f - an uncursed amulet of faith
 u - a +6 ring of intelligence (left hand)
 E - an uncursed ring of ice
 K - an uncursed ring of teleportation
 L - the amulet "Meacaume" (around neck) {Faith Int+3}
   (You found it on level 11 of the Dungeon)

   [amulet of faith]

   It allows you to gain divine favour quickly.
   It affects your intelligence (+3).
 M - a cursed ring of see invisible (right hand)
Wands
 x - a wand of flame (24)
 y - a wand of enslavement (16)
 B - a wand of digging (20)
 G - a wand of iceblast (9)
 I - a wand of disintegration (7)
 O - a wand of acid (15)
 Q - a wand of paralysis (7)
Scrolls
 d - 3 scrolls of immolation
 e - a scroll of torment
 g - 6 scrolls of teleportation
 h - 3 scrolls of magic mapping
 n - 3 scrolls of fog
 o - 3 scrolls of fear
 p - 6 scrolls of enchant armour
 s - 15 scrolls of remove curse
 t - 3 scrolls of amnesia
 A - a scroll of enchant weapon
 H - a scroll of silence
 J - 2 scrolls of acquirement {unknown}
 N - a scroll of identify
 R - 2 scrolls of vulnerability {unknown}
Potions
 i - 5 potions of brilliance
 j - 2 potions of flight {unknown}
 k - 2 potions of haste {unknown}
 l - 3 potions of magic
 m - 7 potions of curing
 w - a potion of invisibility {unknown}
 z - a potion of stabbing
 P - a potion of ambrosia {unknown}
 S - a potion of heal wounds


   Skills:
 - Level 5.0 Fighting
 + Level 14.0 Axes
 - Level 12.0 Slings
 + Level 14.2 Armour
 - Level 5.0 Dodging
 - Level 3.6 Shields
 - Level 10.0 Invocations
 - Level 5.0 Evocations


You had 12 spell levels left.
You didn't know any spells.
Your spell library contained the following spells:

 Spells                   Type           Power        Failure   Level
 Poisonous Vapours        Pois/Air       #.....       95%         2
 Conjure Flame            Conj/Fire      #.......     99%         3
 Mephitic Cloud           Conj/Pois/Air  #.......     99%         3
 Bolt of Magma            Conj/Fire/Erth #.........   100%        5
 Iskenderun's Battlesphe  Conj           #.......     100%        5
 Freezing Cloud           Conj/Ice/Air   #.........   100%        6
 Iron Shot                Conj/Erth      #.........   100%        6
 Orb of Destruction       Conj           #.........   100%        7
 Spellforged Servitor     Conj/Summ      #.........   100%        7


Dungeon Overview and Level Annotations

Branches:
Dungeon (14/15)            Temple (0/1) D:6            Lair (4/6) D:11
 Shoals (0/4) Lair:2        Snake (0/4) Lair:3          Orc (0/2) D:9
 Vaults: D:13-14

Altars:
Cheibriados
Dithmenos
Elyvilon
Kikubaaqudgha
Makhleb
Ru
Uskayaw
Vehumet
Xom
Yredelemnul

Shops:
D:9 (   D:11 (

Annotations:
D:5 2 runed translucent doors
Lair:4 1 runed translucent door, Nessos; Nyzic's ghost, journeyman TrMo


Innate Abilities, Weirdness & Mutations

You reflexively headbutt those who attack you in melee.
You have a pair of horns on your head.


Message History

You block the polar bear's attack. The polar bear barely misses you.
The polar bear claws you but does no damage.
You closely miss the polar bear. You headbutt the polar bear!
The polar bear is moderately wounded.
You block the polar bear's attack. x3
You closely miss the polar bear.
The polar bear is moderately wounded.
You slash the polar bear! You drain the polar bear.
You headbutt the polar bear.
The polar bear is almost dead.
Nessos shoots an arrow.
You block the arrow. You block the polar bear's attack. x2
The polar bear claws you but does no damage.
You slice the polar bear!!
You kill the polar bear!
Cheibriados appreciates the change of pace.
Nessos is no longer moving quickly.
Nessos zaps a wand.
The bolt of acid hits you.
* * * LOW HITPOINT WARNING * * *
The acid corrodes you!
You are splashed with acid!
* * * LOW HITPOINT WARNING * * *
Nessos shoots an arrow.
The arrow hits you!!
You die...

#### #.......
#######..####P.......
##.##.##.............#
###..§P...............P#
##P...............P....#
#..P...c§.........#...#
.l.##..#########.#...#
#§.(.### #.c..## ..(.##
##....## ...## #
####.....# ...#
#.##.#@#.#.## ####
#...>†......#
#...#.#.#.#.##
#............##
##..#.#.#.#.#.#
##...........#
###.#.#.#.#.#
#######..........#
#...P..#.#.#.#.#.#
....P.....#.#....#
#...............##


You could see Nessos.

Vanquished Creatures
  A fire dragon (D:14)
  2 boulder beetles
  2 hydras
  2 two-headed ogres
  3 death yaks (Lair:4)
  A centaur warrior (D:14)
  Sonja (D:10)
  Nergalle (D:11)
  2 unseen horrors
  Pikel (D:8)
  8 elephants
  2 cyclopes
  A merfolk siren (Lair:2)
  Psyche (D:8)
  Joseph (D:7)
  A gargoyle (D:13)
  A black mamba (Lair:4)
  6 cane toads
  Maggie (D:7)
  9 komodo dragons
  2 trolls
  A polar bear (shapeshifter) (D:13)
  3 meliai (D:11)
  2 polar bears (Lair:4)
  Prince Ribbit (Lair:3)
  5 dream sheep (Lair:4)
  6 blink frogs (Lair:3)
  A shadow (D:11)
  A wraith (D:11)
  2 wyverns
  30 yaks
  5 basilisks
  2 soldier ants
  An acid dragon (D:13)
  6 water moccasins
  A meliai simulacrum (D:13)
  An eye of draining (D:13)
  4 orc warriors
  3 ice beasts
  4 black bears
  7 phantoms
  3 sky beasts
  7 ogres
  9 wolves (Lair:1)
  7 centaurs
  2 big kobolds
  17 bullfrogs
  2 gnoll sergeants
  A water moccasin zombie (D:9)
  A wyvern skeleton (D:10)
  5 scorpions
  5 killer bees (D:11)
  2 howler monkeys
  A bullfrog zombie (D:5)
  4 jellies
  A centaur zombie (D:10)
  A quasit (D:6)
  8 hounds
  5 orc priests
  5 bullfrog skeletons
  3 centaur skeletons
  3 iguanas
  7 orc wizards
  6 worker ants
  A hound zombie (D:7)
  A howler monkey zombie (D:11)
  2 worker ant zombies
  7 gnolls
  8 adders
  3 shadow imps
  A white imp (D:9)
  5 ufetubi
  3 oozes
  2 adder skeletons
  An adder zombie (D:7)
  2 worms
  4 leopard geckos
  27 orcs
  2 ball pythons
  8 bats
  4 giant cockroaches
  11 goblins
  7 hobgoblins
  7 jackals
  3 quokkas
  7 frilled lizards
  17 kobolds
  A leopard gecko zombie (D:6)
  2 quokka skeletons
  4 rats
380 creatures vanquished.

Vanquished Creatures (collateral kills)
  2 death yaks (Lair:4)
  An elephant (Lair:4)
3 creatures vanquished.

Vanquished Creatures (others)
  35 fungi
  28 plants
63 creatures vanquished.

Grand Total: 446 creatures vanquished

Notes
Turn   | Place    | Note
-------+----------+-------------------------------------------
     0 | D:1      | om the Minotaur Fighter began the quest for the Orb.
     0 | D:1      | Reached XP level 1. HP: 19/19 MP: 0/0
   125 | D:1      | Reached XP level 2. HP: 26/26 MP: 1/1
   658 | D:2      | Reached XP level 3. HP: 29/31 MP: 2/2
  1170 | D:2      | Found a faded altar of an unknown god.
  1204 | D:2      | Reached skill level 5 in Axes
  1580 | D:3      | Reached XP level 4. HP: 39/39 MP: 3/3
  1945 | D:3      | Found a snail-covered altar of Cheibriados.
  2301 | D:3      | Became a worshipper of Cheibriados the Contemplative
  2364 | D:4      | Reached XP level 5. HP: 46/46 MP: 4/4
  2571 | D:4      | Reached skill level 1 in Invocations
  3016 | D:4      | Noticed an ogre
  3023 | D:4      | Killed an ogre
  3023 | D:4      | Reached XP level 6. HP: 18/55 MP: 5/7
  3327 | D:4      | Found a glowing golden altar of the Shining One.
  3329 | D:4      | Found a shimmering altar of Xom.
  3329 | D:4      | Found a hazy altar of Hepliaklqana.
  3333 | D:4      | Reached skill level 5 in Fighting
  3334 | D:4      | Found a shimmering altar of Xom.
  3334 | D:4      | Found a basalt altar of Yredelemnul.
  3334 | D:4      | Found a radiant altar of Vehumet.
  3464 | D:5      | Entered Level 5 of the Dungeon
  3464 | D:5      | Noticed a sky beast
  3473 | D:4      | Killed a sky beast
  3633 | D:5      | Reached XP level 7. HP: 59/61 MP: 9/9
  3639 | D:5      | Reached skill level 5 in Invocations
  3641 | D:5      | Reached * piety under Cheibriados
  3782 | D:5      | Found a large runed translucent door.
  3782 | D:5      | Found a large runed translucent door.
  3866 | D:5      | Reached skill level 1 in Evocations
  3892 | D:5      | Found a white marble altar of Elyvilon.
  3892 | D:5      | Found a sacrificial altar of Ru.
  3995 | D:5      | Found a large runed translucent door.
  3995 | D:5      | Found a large runed translucent door.
  4296 | D:6      | Reached skill level 5 in Armour
  4660 | D:6      | Found a staircase to the Ecumenical Temple.
  4730 | D:6      | Reached XP level 8. HP: 61/68 MP: 10/10
  4894 | D:6      | Found a shadowy altar of Dithmenos.
  4975 | D:7      | Reached ** piety under Cheibriados
  4983 | D:7      | Reached skill level 1 in Dodging
  5246 | D:7      | Found a basalt altar of Yredelemnul.
  5343 | D:7      | Reached skill level 5 in Evocations
  5488 | D:7      | Noticed Maggie
  5500 | D:7      | Killed Maggie
  5500 | D:7      | Reached skill level 5 in Dodging
  5815 | D:7      | Noticed Joseph
  5829 | D:7      | Killed Joseph
  5829 | D:7      | Reached XP level 9. HP: 41/74 MP: 11/11
  6213 | D:8      | Reached skill level 1 in Slings
  6247 | D:8      | Noticed Pikel
  6267 | D:8      | Killed Pikel
  6314 | D:8      | Found a snail-covered altar of Cheibriados.
  6315 | D:8      | Noticed a two-headed ogre
  6332 | D:8      | Killed a two-headed ogre
  6650 | D:8      | Found a hide-covered altar of Uskayaw.
  6710 | D:8      | Noticed Psyche
  6720 | D:8      | Killed Psyche
  6720 | D:8      | Reached skill level 5 in Slings
  6720 | D:8      | Reached XP level 10. HP: 49/81 MP: 12/12
  6888 | D:8      | Reached *** piety under Cheibriados
  7487 | D:9      | Found an ancient bone altar of Kikubaaqudgha.
  7641 | D:9      | Reached skill level 10 in Axes
  7673 | D:9      | Reached **** piety under Cheibriados
  7682 | D:9      | Found a staircase to the Orcish Mines.
  7737 | D:9      | Found Uniriuk's Weapon Emporium.
  7882 | D:9      | Found a radiant altar of Vehumet.
  8126 | D:9      | Found a burning altar of Makhleb.
  8126 | D:9      | Noticed a green death
  8129 | D:9      | Noticed an orange demon
  8289 | D:10     | Entered Level 10 of the Dungeon
  8757 | D:10     | Reached ***** piety under Cheibriados
  8766 | D:10     | Noticed Sonja
  8773 | D:10     | Killed Sonja
  9541 | D:11     | Got a twitching crystal amulet
  9579 | D:11     | Noticed a two-headed ogre
  9590 | D:11     | Killed a two-headed ogre
  9590 | D:11     | Reached XP level 11. HP: 49/86 MP: 15/15
  9752 | D:11     | Found a staircase to the Lair.
  9900 | D:11     | Noticed a boulder beetle
  9906 | D:11     | Killed a boulder beetle
  9936 | D:11     | Identified the amulet "Meacaume" {Faith Int+3} (You found
                  | it on level 11 of the Dungeon)
 10088 | D:10     | Noticed an unseen horror
 10100 | D:10     | Killed an unseen horror
 10168 | D:11     | Noticed Nergalle
 10191 | D:11     | Killed Nergalle
 10191 | D:11     | Reached skill level 10 in Armour
 10740 | D:11     | Found Locaaw Vuti's Antique Weapon Shoppe.
 10744 | D:11     | Bought a glowing war axe for 253 gold pieces
 10744 | D:11     | Bought a glowing hunting sling for 175 gold pieces
 10994 | D:11     | You fall into a shaft and drop 1 floor!
 11226 | D:12     | Noticed an unseen horror
 11235 | D:12     | Killed an unseen horror
 11746 | D:12     | Reached skill level 10 in Slings
 12525 | D:13     | Reached XP level 12. HP: 91/94 MP: 18/18
 13113 | D:14     | Noticed a centaur warrior
 13127 | D:14     | Killed a centaur warrior
 13265 | D:14     | Noticed a fire dragon
 13278 | D:14     | Killed a fire dragon
 13278 | D:14     | Reached skill level 10 in Invocations
 13283 | D:14     | Noticed a boulder beetle
 13287 | D:14     | Noticed a boulder beetle
 13317 | D:13     | Killed a boulder beetle
 13809 | Lair:1   | Entered Level 1 of the Lair of Beasts
 14090 | Lair:1   | Found a shimmering altar of Xom.
 14154 | Lair:1   | You fall into a shaft and drop 1 floor!
 15074 | Lair:2   | Found a staircase to the Shoals.
 16032 | Lair:3   | Noticed Prince Ribbit
 16049 | Lair:3   | Killed Prince Ribbit
 16148 | Lair:3   | Found a staircase to the Snake Pit.
 16174 | Lair:3   | Reached XP level 13. HP: 83/100 MP: 13/19
 17715 | Lair:4   | Found a runed translucent door.
 17716 | Lair:4   | Identified the +5 spear of the Known World {freeze, rC++}
 17716 | Lair:4   | Noticed Nyzic's ghost (journeyman TrMo)
 17763 | Lair:4   | Noticed Nessos
 17791 | Lair:4   | Shot with an arrow by Nessos

Illustrated notes

Levels and vault maps discovered:
D:1:      lightli_molten_gateway, layout_basic
D:2:      layout_basic, chequers_ecumenical_altar_simple_redux,
          minmay_tiny_reverse_x
D:3:      layout_basic, lemuel_round_altar
D:4:      layout_basic, doesnt_xom_only_xom
D:5:      layout_rooms, gammafunk_temple_overflow_elements,
          minmay_hollow_rounded_squares
D:6:      layout_basic, kennysheep_little_box,
          minmay_temple_entry_statues_fountains, chequers_mini_garden,
          minmay_hedge_maze
D:7:      layout_loops_cross, basic_altar, corner_web_ring, serial_bayou_pond_e,
          roderic_roman_lattice, dk_noncrumbling_3, uniq_maggie, uniq_joseph
D:8:      minmay_inner_zag, layout_loops_ring, nicolae_overflow_crystal_walls,
          basic_altar, uniq_pikel, uniq_psyche
D:9:      layout_roguey, makhleb_altar_promises_db, kiku_gazebo_pond_becter,
          vehumet_crystals, orc_0_dummy, serial_shops,
          nicolae_shop_temple_entry_statues_fountains, feat_on_display
D:10:     layout_cave_pools, uniq_sonja
D:11:     layout_loops_ring, grunt_lair_entry_orc_guard_hut, serial_shops, shop,
          uniq_nergalle
D:12:     layout_loops_ring
D:13:     layout_long_grid
D:14:     layout_cave_pools, erik_vaults_2, nicolae_lava_and_water
Lair:1:   layout_regular_city, basic_altar, lemuel_fruit_tree
Lair:2:   layout_regular_city, minmay_shoals_entry_lonely_mermaid, st_stairs_6,
          minivault_23
Lair:3:   layout_regular_city, dummy_snake_entry, wad_woods_road_05,
          grunt_megastairs_5, uniq_prince_ribbit2
Lair:4:   layout_misc_corridors, ebering_ghost_funeral_grove, st_stairs_9,
          grunt_forest_stairs_clearing, uniq_nessos

Skill      XL: |  1  2  3  4  5  6  7  8  9 10 11 12 13 |
---------------+----------------------------------------+-----
Axes           | 3 4 5 6 7 9 10 12 14 | 14.0
Fighting       | 4 5 |  5.0
Invocations    | 2 4 5 7 9 10 | 10.0
Armour         | 5 6 8 9 10 12 14 | 14.2
Evocations     | 3 5 |  5.0
Dodging        | 5 |  5.0
Slings         | 5 8 10 12 | 12.0
Shields        | |  3.6

Action                   |  1- 3 |  4- 6 |  7- 9 | 10-12 | 13-15 || total
-------------------------+-------+-------+-------+-------+-------++-------
Melee: War axe           |   103 |   102 |   224 |   496 |   132 ||  1057
       Headbutt          |    12 |    19 |    51 |   183 |    54 ||   319
 Fire: Hunting sling     |       |       |       |   118 |    11 ||   129
Invok: Slouch            |       |       |       |     6 |     3 ||     9
       Temporal Distorti |       |       |       |     1 |       ||     1
Evoke: Wand              |       |       |       |     9 |     4 ||    13
  Use: Potion            |       |     1 |     2 |     5 |     2 ||    10
       Scroll            |       |       |    15 |     9 |     5 ||    29
 Stab: Distracted        |       |       |       |       |     1 ||     1
Armor: Scale mail        |    29 |       |     4 |       |       ||    33
       Ring mail         |    10 |    33 |    12 |       |       ||    55
       Chain mail        |       |       |    61 |   228 |    48 ||   337
Dodge: Dodged            |    27 |    20 |    54 |   216 |    54 ||   371
Block: Kite shield       |    69 |    74 |   148 |   328 |    82 ||   701
       Reflection        |       |     1 |     3 |       |       ||     4

Table legend: (Time is in decaauts)
 A = Elapsed time spent in this place.
 B = Non-inter-level travel time spent in this place.
 C = Inter-level travel time spent in this place.
 D = Time resting spent in this place.
 E = Time spent auto-exploring this place.
 F = Levels seen in this place.
 G = Mean time per level.
                   A        B        C        D        E       F      G
               +--------+--------+--------+--------+--------+-----+--------+
         Total |  23595 |  21770 |   1825 |   2857 |  15712 |  18 | 1310.8 |
       Dungeon |  17657 |  16097 |   1560 |   2423 |  11139 |  14 | 1261.2 |
          Lair |   5938 |   5673 |    265 |    434 |   4573 |   4 | 1484.5 |
               +--------+--------+--------+--------+--------+-----+--------+

Top non-repeatable levels by time:
    D:11: 1960 daAuts
  Lair:3: 1892 daAuts
    D:13: 1842 daAuts
  Lair:2: 1835 daAuts
     D:9: 1815 daAuts
     D:8: 1675 daAuts
     D:7: 1587 daAuts
  Lair:1: 1525 daAuts
     D:4: 1516 daAuts
    D:12: 1402 daAuts
    D:10: 1351 daAuts
     D:6: 1004 daAuts
     D:2: 911 daAuts
     D:3: 882 daAuts
     D:5: 876 daAuts
